 Dungeon Crawl Stone Soup version 0.32-a0-913-g739538afd8 (webtiles) character file.

Game seed: 1207463533388329910

349 ezpacito the Trooper (level 6, -3/48 HPs)
             Began as a Coglin Chaos Knight on Apr 9, 2024.
             Was a Plaything of Xom.
             Slain by an eldritch tentacle (17 damage)
             ... called by the player character
             ... on level 4 of the Dungeon.
             The game lasted 00:03:40 (2923 turns).

ezpacito the Trooper (Coglin Chaos Knight)          Turns: 2923, Time: 00:03:40

Health: -3/48      AC: 12    Str: 15    XL:     6   Next: 60%
Magic:  7/7        EV:  4    Int: 11    God:    Xom [...*..]
Gold:   290        SH:  0    Dex: 13    Spells: 7/7 levels left

rFire   . . .        a - +0 hand axe (chaos) {Margit}
rCold   . . .        n - +0 spear {Chang}
rNeg    . . .        i - +0 plate armour
rPois   .            m - +0 helmet
rElec   .            (no cloak)
rCorr   .            (no gloves)
SInv    .            (no boots)
Will    .....        (amulet unavailable) Stlth
                     (ring unavailable)
HPRegen 0.28/turn    (ring unavailable)
MPRegen 0.10/turn    (no gizmo)

%: no passive effects
@: lethally poisoned (-3 -> -95), revving
A: off-hand wielding, slow wielding, warmup strikes, no jewellery
a: Invent Gizmo, Renounce Religion


You were on level 4 of the Dungeon.
You worshipped Xom.
You were a favourite toy of Xom.
You visited 1 branch of the dungeon, and saw 4 of its levels.

You collected 290 gold pieces.

Inventory:

Hand Weapons
 a - a +0 hand axe of chaos (weapon) {Margit}
 n - a +0 spear (offhand) {Chang}
Missiles
 d - 2 javelins (quivered)
Armour
 i - a +0 plate armour (worn)
 m - a +0 helmet (worn)
Wands
 c - a wand of warping (6)
Scrolls
 f - a scroll of enchant weapon
Potions
 e - 2 potions of lignification
 g - a potion of berserk rage
 h - a potion of brilliance
 j - a potion of curing {unknown}
 k - 2 potions of invisibility
 l - a potion of mutation


   Skills:
 * Level 3.9 Fighting
 * Level 3.8(4.2) Axes
 * Level 2.1(3.1) Polearms
 * Level 2.9 Armour
 * Level 2.4 Dodging
 + Level 1.2 Stealth
 + Level 1.0 Spellcasting
 + Level 1.5 Evocations


You had 7 spell levels left.
You didn't know any spells.
Your spell library contained the following spells:

 Spells                   Type           Power      Damage    Failure   Level
 Dazzling Flash           Conj/Hex       0%         N/A       100%        3
 Starburst                Conj/Fire      0%         6d3       100%        6
 Maxwell's Capacitive Co  Air            0%         ∞         100%        8


Dungeon Overview and Level Annotations

Branches:
Dungeon (4/15)
 Temple: D:4-7

Altars:
Dithmenos
The Shining One

Shops:
D:1 (


Innate Abilities, Weirdness & Mutations

You can wield a second weapon in your off-hand.
It takes a long time for you to wield or remove held weapons.
Your first few attacks do less damage.
You cannot equip rings or amulets.


Message History

The kobold is severely wounded.
You closely miss the kobold with your +0 spear.
The kobold hits you with a +0 short sword.
You take 2 damage, and have 46/48 hp.
You hit the kobold with your +0 hand axe of chaos.
You kill the kobold!
You hit the scorpion with your +0 hand axe of chaos.
The scorpion seems to slow down.
The scorpion is lightly wounded.
You hit the hobgoblin but do no damage. You hit the scorpion but do no damage.
The hobgoblin hits you but does no damage.
The scorpion stings you.
A hound comes into view.
You take 1 damage, and have 46/48 hp.
You closely miss the scorpion with your +0 hand axe of chaos.
The scorpion is lightly wounded.
You hit the hobgoblin with your +0 hand axe of chaos.
You closely miss the scorpion with your +0 spear.
The hound bites your eldritch tentacle segment but does no damage.
The hobgoblin barely misses you.
Your eldritch tentacle slaps the hobgoblin!
The hobgoblin dies!
The scorpion stings you.
The hound bites your eldritch tentacle segment but does no damage.
You take 4 damage, and have 42/48 hp.
A kobold comes into view. It is wielding a +0 dagger.
The kobold shouts!
Your eldritch tentacle suddenly becomes enraged!
The eldritch tentacle slaps you!
Xom is mildly amused.
You are lethally poisoned!
The eldritch tentacle poisons you! The eldritch tentacle claws you.
The scorpion stings you but does no damage.
The eldritch tentacle slaps you!
You are more poisoned.
The eldritch tentacle poisons you! The eldritch tentacle claws you.
* * * LOW HITPOINT WARNING * * *
You are engulfed in flames!
You die...
Xom giggles madly!

#. #.
####.#####
#........#
#........#
#...Λ..).#
#../.\...#
#.*...w..#
#.h....@s#
..........#
##...<....#
##........
#.........
#......$..#
#.....K...#
..........#


You could see an eldritch tentacle, a scorpion (slow), a hound and a kobold.

Vanquished Creatures
  A steam dragon (D:1)
  Natasha (thrice) (D:2)
  4 gnolls (D:3)
  4 adders
  3 ribbon worms
  2 dart slugs (D:1)
  3 bats
  13 endoplasms
  3 giant cockroaches
  3 hobgoblins
  4 quokkas
  3 ball pythons
  2 frilled lizards
  6 goblins
  4 kobolds
  5 rats
63 creatures vanquished.

Vanquished Creatures (collateral kills)
  A hobgoblin (D:4)
1 creature vanquished.

Grand Total: 64 creatures vanquished

Notes
Turn   | Place    | Note
-------+----------+-------------------------------------------
     0 | D:1      | ezpacito the Coglin Chaos Knight began the quest for the
                  | Orb.
     0 | D:1      | Reached XP level 1. HP: 18/18 MP: 1/1
    14 | D:1      | XOM: silly message
    52 | D:1      | XOM: silly message
    57 | D:1      | Reached skill level 1 in Dodging
    70 | D:1      | XOM: smoke on damage
    78 | D:1      | Reached XP level 2. HP: 13/24 MP: 2/2
   146 | D:1      | Found Pebohyedor's Antique Weapon Shoppe.
   262 | D:1      | XOM: divination: magic mapping
   356 | D:1      | a bat changed into a steam dragon
   356 | D:1      | Noticed a steam dragon
   363 | D:1      | XOM: silly message
   482 | D:2      | Reached XP level 3. HP: 25/29 MP: 3/3
   621 | D:2      | Noticed Natasha
   632 | D:2      | Killed Natasha
   741 | D:2      | Reached skill level 1 in Polearms
   741 | D:2      | Reached XP level 4. HP: 20/35 MP: 4/4
  1096 | D:2      | Noticed Natasha
  1106 | D:2      | Killed Natasha
  1142 | D:2      | XOM: divination: magic mapping
  1247 | D:2      | Noticed Natasha
  1251 | D:2      | XOM: polymorph cerulean imp -> ufetubus
  1254 | D:2      | XOM: potion effect (haste)
  1257 | D:2      | Killed Natasha
  1258 | D:2      | Reached XP level 5. HP: 15/41 MP: 6/6
  1537 | D:3      | Reached skill level 1 in Stealth
  1537 | D:3      | Reached skill level 1 in Evocations
  1715 | D:3      | Found a shadowy altar of Dithmenos.
  1715 | D:3      | XOM: 4-stop teleportation journey
  1716 | D:3      | XOM: cast spell 'Summon Small Mammal'
  1730 | D:3      | XOM: blink monster(s)
  1827 | D:3      | XOM: silly message
  2164 | D:3      | XOM: silly message
  2190 | D:3      | XOM: divination: magic mapping
  2328 | D:3      | Found a glowing golden altar of the Shining One.
  2551 | D:1      | XOM: potion effect (might)
  2556 | D:1      | Killed a steam dragon
  2557 | D:1      | Reached skill level 1 in Spellcasting
  2557 | D:1      | Reached XP level 6. HP: 48/48 MP: 7/7
  2916 | D:4      | XOM: cast spell 'Malign Gateway'
  2923 | D:4      | Slain by an eldritch tentacle

Illustrated notes

Levels and vault maps discovered:
D:1:      psy_arrival_terrarium, layout_basic, serial_shops, shop
D:2:      layout_rooms, serial_co_window_serial, co_window_paths_b,
          co_window_of_opportunity_a, co_window_of_opportunity_a,
          co_window_corner_a, co_window_of_opportunity_a, co_window_broadway_b,
          co_window_of_opportunity_c, co_window_corner_cb, co_window_paths_c,
          co_window_corner_ca, co_window_corner_b, co_window_4corner_b,
          glass_columns_a, glass_columns_b, glass_columns_a, glass_columns_a,
          glass_columns_a, uniq_natasha
D:3:      layout_loops_cross, tso_metal_star,
          mainiacjoe_overflow_six_doors_small, minmay_ruptured
D:4:      layout_rooms, dreamdust_wishing_well, minmay_misc_feat_columns

Skill      XL: |  1  2  3  4  5 |
---------------+----------------+-----
Dodging        | 1 2 |  2.4
Armour         | 2 |  2.9
Polearms       | 1 2 |  2.1
Stealth        | 1 |  1.2
Evocations     | 1 |  1.5
Spellcasting   | 1 |  1.0
Fighting       | |  3.9
Axes           | |  3.8

Action                     |  1- 3 |  4- 6 || total
---------------------------+-------+-------++-------
  Melee: Hand axe          |    60 |    83 ||   143
         Dagger            |    61 |    64 ||   125
         Spear             |       |    21 ||    21
  Evoke: Wand              |       |     3 ||     3
    Use: Scroll            |     1 |     7 ||     8
   Stab: Sleeping          |     1 |     3 ||     4
         Petrifying        |       |     1 ||     1
 Armour: Leather armour    |    45 |    60 ||   105
         Plate armour      |       |    24 ||    24
  Dodge: Dodged            |    35 |    66 ||   101

Table legend: (Time is in decaauts)
 A = Elapsed time spent in this place.
 B = Non-inter-level travel time spent in this place.
 C = Inter-level travel time spent in this place.
 D = Time resting spent in this place.
 E = Time spent auto-exploring this place.
 F = Levels seen in this place.
 G = Mean time per level.
                   A        B        C        D        E       F      G
               +--------+--------+--------+--------+--------+-----+--------+
         Total |   2914 |   2772 |    142 |    193 |   2087 |   4 |  728.5 |
       Dungeon |   2914 |   2772 |    142 |    193 |   2087 |   4 |  728.5 |
               +--------+--------+--------+--------+--------+-----+--------+

Top non-repeatable levels by time:
     D:2: 1158 daAuts
     D:3: 1053 daAuts
     D:1: 695 daAuts
     D:4: 6 daAuts
